 Dungeon Crawl Stone Soup version 0.17-a0-2122-g03d97ec (webtiles) character file.

141 fredomojojo the Shooter (level 5, -1/42 HPs)
             Began as a Centaur Hunter on Oct 21, 2015.
             Shot with an arrow by a centaur (4 damage)
             ... on level 3 of the Dungeon.
             The game lasted 00:59:40 (1946 turns).

fredomojojo the Shooter (Centaur Hunter)            Turns: 1946, Time: 00:59:40

Health: -1/42      AC: 10    Str: 15    XL:     5   Next: 3%
Magic:  5/5        EV:  4    Int: 16    God:
Gold:   123        SH:  0    Dex: 10    Spells: 0 memorised, 4 levels left

rFire  . . .     SeeInvis .     a - +1 shortbow
rCold  . . .     Clarity  .     m - +0 chain mail
rNeg   . . .     SustAt   .     (no shield)
rPois  .         Gourm    .     s - +0 helmet
rElec  .         Spirit   .     q - +1 cloak
rCorr  .         Warding  .     (no gloves)
rMut   .         Stasis   .     (no barding)
MR     .....                    h - amulet of faith
Stlth  ..........               (no ring)
                                o - +6 ring of intelligence

@: very quick, not resistant to hostile enchantments, extremely unstealthy
A: hooves 3, deformed body, speed 2, tough skin 3
a: no special abilities


You were on level 3 of the Dungeon.
You were not hungry.

You visited 1 branch of the dungeon, and saw 3 of its levels.

You collected 123 gold pieces.

Inventory:

Hand Weapons
 a - a +1 shortbow (weapon)
 b - a +0 spear of venom
Missiles
 p - 16 arrows (quivered)
Armour
 c - a +0 shield
 m - a +0 chain mail (worn)
 q - a +1 cloak (worn)
 s - a +0 helmet (worn)
Jewellery
 h - an amulet of faith (around neck)
 o - a +6 ring of intelligence (left hand)
Wands
 n - a wand of invisibility (3)
 r - a wand of teleportation (7)
 t - a wand of magic darts (25)
Scrolls
 j - 4 scrolls of identify
 k - 4 scrolls of teleportation
Comestibles
 e - 5 bread rations
 f - a beef jerky
 i - 3 meat rations


   Skills:
 * Level 2.6 Fighting
 * Level 0.8 Polearms
 + Level 7.4 Bows
 * Level 0.8 Armour
 + Level 1.5 Dodging
 + Level 0.5 Stealth


You had 4 spell levels left.
You didn't know any spells.

Dungeon Overview and Level Annotations

Branches:
Dungeon (3/15)

Altars:


Innate Abilities, Weirdness & Mutations

You have hooves in place of feet.
Armour fits poorly on your strangely shaped body.
You cover ground very quickly.
You have extremely tough skin (AC +3).


Message History

Press: ? - help, Shift-Dir - straight line Nothing appears to happen.
Evoking this partially-identified wand wasted a few charges.
Firing (i - inventory):
p - 19 arrows (quivered)
Press: ? - help, Shift-Dir - straight line, f - centaur
Aim: a centaur, wielding a shortbow (heavily wounded)
You shoot an arrow. The arrow hits the centaur.
The centaur is almost dead.
The centaur shoots an arrow.
The arrow hits you.
* * * LOW HITPOINT WARNING * * *
Firing (i - inventory):
p - 18 arrows (quivered)
Press: ? - help, Shift-Dir - straight line, f/p - centaur
Aim: a centaur, wielding a shortbow (almost dead)
You shoot an arrow. The arrow barely misses the centaur.
Firing (i - inventory):
p - 17 arrows (quivered)
Press: ? - help, Shift-Dir - straight line, f/p - centaur
Aim: a centaur, wielding a shortbow (almost dead)
You shoot an arrow. The arrow closely misses the centaur.
The centaur shoots an arrow.
The arrow hits you.
You die...

..# ####### ..# ##.....##
..#########.......#
..........÷.......#
..#########÷......# ..#
##......######## #.#
######.#......# #.##
#########.#...(..# #..#
.........@........#
#.)###..#########.c......#
##.....# ###((....#
#..#### ##########(.#####
##..# #..(c.......# ...)#
#...........# ##÷.#
#.....>c...## #..#
#..........# #..#
#..........#


You could see a centaur.

Vanquished Creatures
  Robin (D:2)
  3 adders
  An ooze (D:2)
  4 worms
  2 giant geckos (D:1)
  A ball python (D:2)
  7 bats
  5 giant cockroaches
  12 goblins
  15 hobgoblins
  4 jackals
  14 kobolds
  3 giant newts
  3 quokkas
  7 rats
82 creatures vanquished.

Notes
Turn   | Place    | Note
--------------------------------------------------------------
     0 | D:1      | fredomojojo the Centaur Hunter began the quest for the Orb.
     0 | D:1      | Reached XP level 1. HP: 17/17 MP: 1/1
   181 | D:1      | Reached XP level 2. HP: 24/24 MP: 2/2
   234 | D:1      | Reached skill level 6 in Bows
   586 | D:2      | Reached XP level 3. HP: 26/29 MP: 3/3
   816 | D:2      | Noticed Robin
   832 | D:2      | Killed Robin
   832 | D:2      | Reached XP level 4. HP: 23/37 MP: 4/4
  1023 | D:2      | Reached skill level 7 in Bows
  1809 | D:3      | Reached XP level 5. HP: 40/42 MP: 5/5
  1928 | D:3      | Noticed a centaur
  1946 | D:3      | Shot with an arrow by a centaur

Vault maps used:
D:1:      onia_arrival_pentagram, lexackson_kobold_supper
D:2:      grunt_ministairs_12, minmay_circled_x, uniq_robin

Action                   |  1- 3 |  4- 6 || total
-------------------------+-------+-------++-------
Melee: Short sword       |    34 |       ||    34
       Spear             |    37 |    83 ||   120
 Fire: Shortbow          |    75 |    50 ||   125
Evoke: Wand              |       |     1 ||     1
  Use: Scroll            |     4 |     3 ||     7
       Potion            |     1 |     1 ||     2
  Eat: Fruit             |       |     3 ||     3
